 Dungeon Crawl Stone Soup version 0.31.0-32-g396128a36d (webtiles) character file.

Game seed: 9646700272855628152

62 gohu the Magician (level 4, 0/31 HPs)
             Began as a Djinni Fire Elementalist on Mar 8, 2024.
             Slain by a quasit (1 damage)
             ... on level 3 of the Dungeon.
             The game lasted 00:02:40 (2398 turns).

gohu the Magician (Djinni Fire Elementalist)        Turns: 2398, Time: 00:02:40

Health: 0/31       AC:  4    Str:  7      XL:     4   Next: 28%
Gold:   126        EV: 12    Int: 18      God:
                   SH:  0    Dex: 13 (14)

rFire   + + .        (no weapon)
rCold   x . .        (no shield)
rNeg    . . .        a - +0 robe
rPois   ∞            o - +2 hat
rElec   .            (no cloak)
rCorr   .            (no gloves)
SInv    .            (boots unavailable)
Will    .....        (no amulet)
Stlth   ++           (no ring)
HPRegen 0.25/turn    (no ring)
MPRegen 0.00/turn

%: infuse magic (-1 HP)
@: flying
A: sickness immunity, fire resistance 2, cold vulnerability 1, float, innate
caster, HP casting, extra vitality 1
a: no special abilities


You were on level 3 of the Dungeon.
You visited 1 branch of the dungeon, and saw 4 of its levels.

You collected 126 gold pieces.

Inventory:

Missiles
 p - 6 javelins
Armour
 a - a +0 robe (worn)
 o - a +2 hat (worn)
Wands
 n - a wand of polymorph (9)
Scrolls
 b - 4 scrolls of teleportation {unknown}
 c - 3 scrolls of identify {unknown}
 d - 2 scrolls of enchant weapon {unknown}
 g - a scroll of fear {unknown}
 i - a scroll of butterflies {unknown}
 k - a scroll of amnesia {unknown}
 q - a scroll of enchant armour {unknown}
Potions
 e - 2 potions of heal wounds {unknown}
 f - a potion of invisibility {unknown}
 h - 2 potions of might {unknown}
 j - a potion of berserk rage {unknown}
 l - a potion of resistance {unknown}
 m - a potion of cancellation {unknown}


   Skills:
 - Level 2.1 Dodging
 - Level 1.5 Stealth
 * Level 4.3 Spellcasting
 * Level 4.3 Conjurations
 * Level 4.3 Hexes
   Level 0.0 Charms
 * Level 4.3 Summonings
 * Level 4.3 Necromancy
 * Level 4.3 Translocations
   Level 0.0 Transmutations
 * Level 4.3 Fire Magic
 * Level 4.3 Ice Magic
 * Level 4.3 Air Magic
 * Level 4.3 Earth Magic
 * Level 4.3 Alchemy


You knew the following spells:

 Your Spells              Type           Power      Damage    Failure   Level
a - Foxfire               Conj/Fire      76%        2x1d7     2%          1
b - Scorch                Fire           38%        2d6       3%          2
c - Volatile Blastmotes   Fire/Tloc      38%        2d13      8%          3
d - Inner Flame           Hex/Fire       19%        N/A       8%          3
e - Flame Wave            Conj/Fire      19%        2d7       24%         4
f - Kiss of Death         Conj/Necr      76%        2d11      2%          1
Your spell library was empty.

Dungeon Overview and Level Annotations

Branches:
Dungeon (4/15)
 Temple: D:4-7

Altars:
Xom


Innate Abilities, Weirdness & Mutations

You are immune to sickness and miasma.
You are immune to poison.
Your flesh is very heat resistant. (rF++)
You are vulnerable to cold. (rC-)
You float through the air rather than walking.
You learn spells naturally, not from books.
Your magical power is your life essence.
You have superior vitality. (+4 MHP)


Message History

The quasit is severely wounded.
The quasit completely misses you.
The quasit claws you but does no damage.
The quasit claws you. The white imp gestures at you.
The puff of frost hits you!
You feel a terrible chill!
The quasit bites you but does no damage.
The quasit claws you but does no damage. x2
The quasit bites you. The quasit claws you. x2
* * * LOW HITPOINT WARNING * * *
The white imp closely misses you.
Casting: Scorch (safe; 3% risk of failure)
Confirm with . or Enter, or press ? or * to list all spells.
Flames lash the white imp.
The white imp is burned terribly!
The white imp is heavily wounded.
The white imp's fire resistance burns away.
* * * LOW HITPOINT WARNING * * *
The quasit closely misses you. The quasit misses you. The quasit claws you.
* * * LOW HITPOINT WARNING * * *
You feel clumsy.
The white imp hits you but does no damage.
The quasit closely misses you. The quasit claws you.
* * * LOW HITPOINT WARNING * * *
The quasit claws you but does no damage.
The white imp barely misses you.
Casting: Scorch (safe; 3% risk of failure)
Confirm with . or Enter, or press ? or * to list all spells.
Flames lash the white imp.
The white imp is burned terribly!
You kill the white imp!
* * * LOW HITPOINT WARNING * * *
The quasit closely misses you. x2
The quasit claws you but does no damage.
The quasit closely misses you.
The quasit claws you but does no damage.
The quasit misses you.
The quasit is no longer more vulnerable to fire.
The quasit bites you.
* * * LOW HITPOINT WARNING * * *
The quasit misses you. The quasit claws you.
You die...

....##~.~# #...........#.#
.##.##~.≈# ###.#'##.####.#.#
.##.##~.~# ##.#.#..#.#.8#.#.#
.....#~.~###..#.#..'.'..#.#.#
###..#~.~##...#.####.####.#.#
#....#~.~#................#.#####
#....##.##....#############......
#.#.....##.....5...# #.....#####
#.##.######.....@.#####...###
#.#### ##.....###......# #.#
##...## #.###..# #.# ###'#####.#
#..#### #.# #.........# #.....#
#.# #.#.#####.# #.....# #.# #####
#.#.## #.# ##....#
#.###...####....####.# #<#.##
#..................#.####)#.#


You could see a quasit.

Vanquished Creatures
  A white imp (D:3)
  2 dart slugs (D:2)
  A ribbon worm (D:2)
  An orc (D:3)
  5 ball pythons
  4 endoplasms
  3 giant cockroaches
  6 goblins
  2 hobgoblins
  3 jackals (D:3)
  A quokka (D:3)
  4 bats
  4 frilled lizards
  5 kobolds
  3 rats
45 creatures vanquished.

Vanquished Creatures (collateral kills)
  A foxfire (D:2)
1 creature vanquished.

Vanquished Creatures (others)
  136 foxfires
136 creatures vanquished.

Grand Total: 182 creatures vanquished

Notes
Turn   | Place    | Note
-------+----------+-------------------------------------------
     0 | D:1      | gohu the Djinni Fire Elementalist began the quest for the
                  | Orb.
     0 | D:1      | gohu set off with the following spells memorised: Foxfire,
                  | Scorch, Volatile Blastmotes, Inner Flame, Flame Wave.
     0 | D:1      | Reached XP level 1. HP: 15/15 MP: 0/0
   240 | D:1      | Reached XP level 2. HP: 20/21 MP: 0/0
   756 | D:2      | Reached XP level 3. HP: 25/25 MP: 0/0
   756 | D:2      | Learned a level 1 spell: Kiss of Death
   896 | D:2      | Found a shimmering altar of Xom.
  2040 | D:3      | Reached XP level 4. HP: 30/31 MP: 0/0
  2251 | D:3      | Found a faded altar of an unknown god.
  2398 | D:3      | HP: 1/31 [quasit (2)]
  2398 | D:3      | Slain by a quasit

Illustrated notes

Levels and vault maps discovered:
D:1:      scummos_arrival_hexagon, layout_loops_ring
D:2:      minmay_kobold_bridge, layout_loops_ring, basic_altar,
          dreamdust_princess_corridor
D:3:      minmay_door_path, layout_loops_corners,
          shapermc_ecumenical_altar_mp_ritualfount,
          amcnicky_mini_rare_corridor_liquid
D:4:      layout_cave_pools, nicolae_ashenzari_skybound, serial_demonic,
          serial_demonic_a, serial_demonic_f, serial_demonic_b, serial_demonic_d

Skill      XL: |  1  2  3 |
---------------+----------+-----
Spellcasting   | 4 |  4.3
Conjurations   | 4 |  4.3
Hexes          | 4 |  4.3
Summonings     | 4 |  4.3
Necromancy     | 4 |  4.3
Translocations | 4 |  4.3
Fire Magic     | 4 |  4.3
Ice Magic      | 4 |  4.3
Air Magic      | 4 |  4.3
Earth Magic    | 4 |  4.3
Alchemy        | 4 |  4.3
Dodging        | |  2.1
Stealth        | |  1.5

Action                     |  1- 3 |  4- 6 || total
---------------------------+-------+-------++-------
   Cast: Foxfire           |    80 |     7 ||    87
         Scorch            |     3 |     4 ||     7
 Armour: Robe              |     3 |    20 ||    23
  Dodge: Dodged            |     2 |    15 ||    17
